 Dungeon Crawl Stone Soup version 0.29-a0-409-gd843f3a48c (webtiles) character file.

Game seed: 9750888783162574577

203 happo123 the Digger (level 5, -3/28 HPs)
             Began as a Gargoyle Earth Elementalist on May 13, 2022.
             Slain by a kobold brigand
             ... wielding a +0 club
              (7 damage)
             ... in a sewer.
             The game lasted 00:10:17 (3208 turns).

happo123 the Digger (Gargoyle Earth Elementalist)   Turns: 3208, Time: 00:10:18

Health: -3/28      AC:  8    Str: 14    XL:     5   Next: 81%
Magic:  5/10       EV: 11    Int: 18    God:
Gold:   73         SH:  0    Dex: 10    Spells: 9/10 levels left

rFire   . . .      SeeInvis +   s - +4 mace "Aneff" {vorpal, Str+3 SInv Stlth-}
rCold   + . .      Faith    .   (no shield)
rNeg    + . .      Spirit   .   h - +0 leather armour
rPois   ∞          Reflect  .   (no helmet)
rElec   +          Harm     .   (no cloak)
rCorr   .          Rampage  .   (no gloves)
Will    .....                   e - +0 pair of boots
Stlth   +.........              (no amulet)
HPRegen 0.09/turn               r - ring of protection from cold
MPRegen 0.12/turn               (no ring)

@: no status effects
A: sickness immunity, AC +4, negative energy resistance 1, electricity
resistance, torment resistance 1, petrification resistance
a: no special abilities


You were in a sewer.
You visited 1 branch of the dungeon, and saw 3 of its levels.
You also visited: Sewer.

You collected 73 gold pieces.

Inventory:

Hand Weapons
 s - the +4 mace "Aneff" (weapon) {vorpal, Str+3 SInv Stlth-}
   (You found it on level 2 of the Dungeon)

   It inflicts extra damage upon your enemies.
   Str:       It affects your strength (+3).
   SInv:      It lets you see invisible.
   Stlth:     It makes you less stealthy.
 v - a +0 hand crossbow
Missiles
 a - 42 stones
Armour
 b - a +0 robe
 e - a +0 pair of boots (worn)
 h - a +0 leather armour (worn)
Jewellery
 r - a ring of protection from cold (left hand)
Scrolls
 f - 3 scrolls of identify {unknown}
 g - a scroll of immolation {unknown}
 k - 2 scrolls of fog {unknown}
 n - a scroll of poison {unknown}
 p - 2 scrolls of amnesia {unknown}
 q - a scroll of silence {unknown}
 u - a scroll of acquirement {unknown}
Potions
 c - a potion of magic
 d - a potion of flight {unknown}
 i - 2 potions of cancellation {unknown}
 j - a potion of degeneration {unknown}
 l - 2 potions of curing {unknown}
 m - a potion of might {unknown}
 o - a potion of haste {unknown}
 t - a potion of mutation {unknown}


   Skills:
 + Level 0.3 Fighting
 + Level 0.8 Maces & Flails
 + Level 1.9 Armour
 + Level 2.0 Dodging
 + Level 2.4 Stealth
 + Level 0.2 Unarmed Combat
 + Level 3.4 Spellcasting
 + Level 0.7 Transmutations
 + Level 5.3 Earth Magic


You had 9 spell levels left.
You knew the following spells:

 Your Spells              Type           Power      Damage    Failure   Level
a - Sandblast             Erth           44%        2d11      2%          1

Your spell library contained the following spells:

 Spells                   Type           Power      Damage    Failure   Level
 Passwall                 Tmut/Erth      11%        N/A       9%          2
 Stone Arrow              Conj/Erth      24%        3d8       19%         3
 Wereblood                Tmut           5%         N/A       22%         2
 Petrify                  Tmut/Erth      14%        N/A       50%         4
 Summon Hydra             Summ           1%         N/A       100%        7
 Sublimation of Blood     Necr           Unusable   N/A       N/A         2

Dungeon Overview and Level Annotations

Branches:
Dungeon (3/15)              Sewer (1/1)

Altars:


Innate Abilities, Weirdness & Mutations

You are immune to sickness and miasma.
Your stone body is resilient. (AC +4)
You are immune to poison.
You resist negative energy. (rN+)
You are resistant to electric shocks. (rElec)
You are resistant to unholy torment.
You are immune to petrification.


Message History

The kobold brigand wields a +0 hand crossbow.
The kobold brigand shoots a bolt.
The bolt hits you.
Aiming: Sandblast (safe; 2% risk of failure)
Press: ? - help, Q - select action, (/) - cycle Shift-Dir - straight line, f - kobold
Aim: a kobold, wielding a +0 dagger (76% to hit)
The blast of sand hits the kobold!!
You kill the kobold!
The kobold brigand shoots a bolt.
The bolt completely misses you.
The kobold brigand shoots a bolt.
The bolt closely misses you.
The kobold brigand shoots a bolt.
The bolt hits you but does no damage.
There is an open door here.
Aiming: Sandblast (safe; 2% risk of failure)
Press: ? - help, Q - select action, (/) - cycle Shift-Dir - straight line, f - kobold brigand
Aim: a kobold brigand, wielding a +0 hand crossbow (76% to hit)
The blast of sand hits the kobold brigand.
The kobold brigand is lightly wounded.
The kobold brigand unwields a +0 hand crossbow.
The kobold brigand wields a +0 club.
The kobold brigand drinks a potion.
The kobold brigand goes berserk!
Aiming: Sandblast (safe; 2% risk of failure)
Press: ? - help, Q - select action, (/) - cycle Shift-Dir - straight line, f/p - kobold brigand
Aim: a kobold brigand, wielding a +0 club (lightly wounded, berserk, 76% to hit)
The blast of sand hits the kobold brigand!
The kobold brigand is heavily wounded.
The kobold brigand closely misses you.
Aiming: Sandblast (safe; 2% risk of failure)
Press: ? - help, Q - select action, (/) - cycle Shift-Dir - straight line, f/p - kobold brigand
Aim: a kobold brigand, wielding a +0 club (heavily wounded, berserk, 76% to hit)
The blast of sand hits the kobold brigand.
The kobold brigand is heavily wounded.
The kobold brigand hits you with a +0 club.
Aiming: Sandblast (safe; 2% risk of failure)
Press: ? - help, Q - select action, (/) - cycle Shift-Dir - straight line, f/p - kobold brigand
Aim: a kobold brigand, wielding a +0 club (heavily wounded, berserk, 76% to hit)
The blast of sand hits the kobold brigand!
The kobold brigand is severely wounded.
The kobold brigand hits you with a +0 club!
* * * LOW HITPOINT WARNING * * *
The kobold brigand hits you with a +0 club!
You die...

#≈≈≈≈≈≈≈...#≈≈≈≈≈≈#
#≈≈≈≈≈≈#...#≈≈≈≈≈≈#
#≈≈≈≈≈...≈...≈≈≈≈≈#
#≈≈≈≈..#≈≈≈#..≈≈≈≈#
#......#≈≈≈#......# #
#'#######≈#######+#
#≈≈≈#.))...#...#.....
#≈≈≈≈.≈)≈.≈.....≈≈≈≈.
#≈≈≈#≈≈≈≈≈≈#@..#≈≈≈≈≈
#############K#######
# ###...###
≈≈≈≈#...§...#≈≈
....)..)....'...
.K..'.§._.§.'...
....'.......'...
≈≈≈≈#..§.§..#≈≈≈
######.....#####


You could see a kobold brigand (berserk).

Vanquished Creatures
  A kobold brigand (Sewer)
  An adder (D:3)
  A river rat (D:3)
  A shadow imp (Sewer)
  7 ufetubi (Sewer)
  An orc (D:3)
  6 endoplasms
  A giant cockroach (D:2)
  2 goblins (D:2)
  6 hobgoblins
  3 jackals (D:1)
  5 quokkas
  11 ball pythons
  8 bats
  2 frilled lizards
  14 kobolds
  5 rats (D:3)
75 creatures vanquished.

Vanquished Creatures (others)
  A kobold zombie (Sewer)
1 creature vanquished.

Grand Total: 76 creatures vanquished

Notes
Turn   | Place    | Note
-------+----------+-------------------------------------------
     0 | D:1      | happo123 the Gargoyle Earth Elementalist began the quest
                  | for the Orb.
     0 | D:1      | Reached XP level 1. HP: 10/10 MP: 3/3
   281 | D:1      | Reached skill level 4 in Earth Magic
   281 | D:1      | Reached XP level 2. HP: 11/15 MP: 0/5
  1170 | D:2      | Found a faded altar of an unknown god.
  1247 | D:2      | Reached XP level 3. HP: 16/19 MP: 2/6
  2179 | D:2      | Identified the +4 mace "Aneff" {vorpal, Str+3 SInv Stlth-}
  2493 | D:3      | Reached XP level 4. HP: 22/24 MP: 3/8
  2508 | D:3      | Found a glowing drain.
  2624 | Sewer    | Entered a sewer
  2870 | Sewer    | Reached skill level 5 in Earth Magic
  3028 | Sewer    | Reached skill level 1 in Armour
  3034 | Sewer    | Noticed a kobold brigand
  3043 | Sewer    | Reached XP level 5. HP: 22/28 MP: 4/9
  3083 | Sewer    | Killed a kobold brigand
  3184 | Sewer    | Found a burning altar of Makhleb.
  3192 | Sewer    | Noticed a kobold brigand
  3208 | Sewer    | Slain by a kobold brigand

Illustrated notes

Levels and vault maps discovered:
D:1:      heliophobic_arrival_dark_side_of_the_moon, layout_basic,
          minmay_liquid_box
D:2:      layout_basic, hellmonk_ecumenical_altar_inner_sanctum
D:3:      layout_rooms, portal_sewer_entry_b, grunt_decor_one_mirror,
          small_statue_intersection, corexii_hall_statues_i
Sewer:    kennysheep_sewer_church

Skill      XL: |  1  2  3  4  5 |
---------------+----------------+-----
Earth Magic    | 4 5 |  5.3
Spellcasting   | 3 |  3.4
Armour         | 1 |  1.9
Dodging        | 2 |  2.0
Fighting       | |  0.3
Maces & Flails | |  0.8
Stealth        | |  2.4
Unarmed Combat | |  0.2
Transmutations | |  0.7

Action                   |  1- 3 |  4- 6 || total
-------------------------+-------+-------++-------
Melee: Unarmed           |    21 |       ||    21
       Mace              |     6 |    30 ||    36
 Cast: Sandblast         |    56 |    38 ||    94
Armor: Robe              |    19 |       ||    19
       Leather armour    |    10 |    42 ||    52
Dodge: Dodged            |    56 |    73 ||   129

Table legend: (Time is in decaauts)
 A = Elapsed time spent in this place.
 B = Non-inter-level travel time spent in this place.
 C = Inter-level travel time spent in this place.
 D = Time resting spent in this place.
 E = Time spent auto-exploring this place.
 F = Levels seen in this place.
 G = Mean time per level.
                   A        B        C        D        E       F      G
               +--------+--------+--------+--------+--------+-----+--------+
         Total |   3224 |   3042 |    182 |    285 |   2266 |   4 |  806.0 |
       Dungeon |   2631 |   2449 |    182 |     67 |   2056 |   3 |  877.0 |
         Sewer |    592 |    592 |      0 |    218 |    210 |   1 |  592.0 |
               +--------+--------+--------+--------+--------+-----+--------+

Top non-repeatable levels by time:
     D:2: 1375 daAuts
     D:1: 1147 daAuts
   Sewer: 592 daAuts
     D:3: 109 daAuts
